Workbook

Sheet Planilha_Orçamentária
E2: Endereço: Rua Gregório Brisola, nº 70 - Centro, Bom Sucesso de Itararé / SP - CEP: 18.475-015
E4: CNPJ: 60.123.064/0001-01
E5: Telefone: (15) 3533-1152
E6: E-mail: administracao@bomsucessoitarare.sp.gov.br
A8: Planilha Orçamentária - Retomada de Construção de Escola de Educação Infantil Tipo C
A11: Contratante: | C11: Prefeitura Municipal de Bom Sucesso de Itararé / SP | E11: Data Base: | F11: JAN / 2026 | H11: BDI: | I11: 0.25
A12: Objeto: | C12: Retomada de Construção de Escola de Educação Infantil Tipo C | E12: Planilha: | F12: Sem Desoneração
A13: Local: | C13: Rua Antonio Carlos Ruivo, s/nº, Centro, Bom Sucesso de Itararé/SP | E13: Valor da Obra: | F13: =F14+F15 -> 1178037 | H13: Custo / m2: | I13: =F13/C14 -> 2129.3801
A14: Área (m2): | C14: 553.23 | E14: Repasse: | F14: 849976.81 | H14: Convênio: | I14: Federal
A15: Município: | C15: Bom Sucesso de Itararé / SP | E15: Contrapartida: | F15: =I358-F14 -> 328060.17 | H15: Órgão: | I15: FNDE
A17: ITEM | B17: CÓDIGO | C17: FONTE | D17: DESCRIÇÃO DOS SERVIÇOS | E17: UNIDADE | F17: QUANTIDADE | G17: CUSTO UNITÁRIO (R$) | H17: CUSTO C/ BDI (R$) | I17: TOTAL C/ BDI (R$) | J17: PESO (%)
A18: 1.0 | D18: SERVIÇOS PRELIMINARES
A19: 1.1 | B19: SINAPI-SP | C19: 103689 | D19: FORNECIMENTO E INSTALAÇÃO DE PLACA DE OBRA COM CHAPA GALVANIZADA E ESTRUTURA DE MADEIRA. AF_03/2022_PS | E19: M2 | F19: 4 | G19: 474.01 | H19: =TRUNC((G19*(1+$I$11)),2) -> 592.51 | I19: =ROUND((F19*H19),2) -> 2370.04 | J19: =(I19/$I$358) -> 0.0020118553
A20: TOTAL 1.0 | I20: =SUM(I19:I19) -> 2370.04 | J20: =(I20/$I$358) -> 0.0020118553
A21: 2.0 | D21: SISTEMA DE VEDAÇÃO VERTICAL INTERNO E EXTERNO (PAREDES)
A22: 2.1 | B22: CAERN | C22: 1050015 | D22: ALVENARIA DE VEDAÇÃO COM ELEMENTO VAZADO DE CONCRETO (COBOGÓ) DE 7X40X40CM E ARGAMASSA DE ASSENTAMENTO COM PREPARO EM BETONEIRA. R_11/2020 | E22: M2 | F22: 48.65 | G22: 272.28 | H22: =TRUNC((G22*(1+$I$11)),2) -> 340.35 | I22: =ROUND((F22*H22),2) -> 16558.03 | J22: =(I22/$I$358) -> 0.014055611
A23: 2.2 | B23: SINAPI-SP | C23: 102253 | D23: DIVISORIA SANITÁRIA, TIPO CABINE, EM GRANITO CINZA POLIDO, ESP = 3CM, ASSENTADO COM ARGAMASSA COLANTE AC III-E, EXCLUSIVE FERRAGENS. AF_01/2021 | E23: M2 | F23: 33.85 | G23: 982.12 | H23: =TRUNC((G23*(1+$I$11)),2) -> 1227.65 | I23: =ROUND((F23*H23),2) -> 41555.95 | J23: =(I23/$I$358) -> 0.03527559
A24: TOTAL 2.0 | I24: =SUM(I22:I23) -> 58113.98 | J24: =(I24/$I$358) -> 0.049331202
A25: 3.0 | D25: ESQUADRIAS
A26: 3.1 | D26: PORTAS DE MADEIRA
A27: 3.1.1 | B27: SINAPI-SP | C27: 90843 | D27: KIT DE PORTA DE MADEIRA PARA PINTURA, SEMI-OCA (LEVE OU MÉDIA), PADRÃO MÉDIO, 80X210CM, ESPESSURA DE 3,5CM, ITENS INCLUSOS: DOBRADIÇAS, MONTAGEM E INSTALAÇÃO DO BATENTE, FECHADURA COM EXECUÇÃO DO FURO - FORNECIMENTO E INSTALAÇÃO. AF_12/2019 - PORTA DE MADEIRA - P01 - CONFORME PROJETO DE ESQUADRIAS | E27: UN. | F27: 9 | G27: 1402.32 | H27: =TRUNC((G27*(1+$I$11)),2) -> 1752.9 | I27: =ROUND((F27*H27),2) -> 15776.1 | J27: =(I27/$I$358) -> 0.013391855
A28: 3.1.2 | B28: SINAPI-SP | C28: 90843 | D28: KIT DE PORTA DE MADEIRA PARA PINTURA, SEMI-OCA (LEVE OU MÉDIA), PADRÃO MÉDIO, 80X210CM, ESPESSURA DE 3,5CM, ITENS INCLUSOS: DOBRADIÇAS, MONTAGEM E INSTALAÇÃO DO BATENTE, FECHADURA COM EXECUÇÃO DO FURO - FORNECIMENTO E INSTALAÇÃO. AF_12/2019 - Porta de madeira - P02 - conforme projeto de esquadrias | E28: UN. | F28: 6 | G28: 1402.32 | H28: =TRUNC((G28*(1+$I$11)),2) -> 1752.9 | I28: =ROUND((F28*H28),2) -> 10517.4 | J28: =(I28/$I$358) -> 0.0089279031
A29: 3.1.3 | B29: SINAPI-SP | C29: 100692 | D29: KIT DE PORTA DE MADEIRA TIPO VENEZIANA, 80X210CM (ESPESSURA DE 3CM), PADRÃO POPULAR, ITENS INCLUSOS: DOBRADIÇAS, MONTAGEM E INSTALAÇÃO DE BATENTE, FECHADURA COM EXECUÇÃO DO FURO - FORNECIMENTO E INSTALAÇÃO. AF_12/2019 - PORTA DE MADEIRA - P03 - CONFORME PROJETO DE ESQUADRIAS | E29: UN. | F29: 6 | G29: 1687.14 | H29: =TRUNC((G29*(1+$I$11)),2) -> 2108.92 | I29: =ROUND((F29*H29),2) -> 12653.52 | J29: =(I29/$I$358) -> 0.010741191
A30: 3.1.4 | B30: SINAPI-SP | C30: 90843 | D30: KIT DE PORTA DE MADEIRA PARA PINTURA, SEMI-OCA (LEVE OU MÉDIA), PADRÃO MÉDIO, 80X210CM, ESPESSURA DE 3,5CM, ITENS INCLUSOS: DOBRADIÇAS, MONTAGEM E INSTALAÇÃO DO BATENTE, FECHADURA COM EXECUÇÃO DO FURO - FORNECIMENTO E INSTALAÇÃO. AF_12/2019 - PORTA DE MADEIRA - P04 - CONFORME PROJETO DE ESQUADRIAS | E30: UN. | F30: 9 | G30: 1402.32 | H30: =TRUNC((G30*(1+$I$11)),2) -> 1752.9 | I30: =ROUND((F30*H30),2) -> 15776.1 | J30: =(I30/$I$358) -> 0.013391855
A31: 3.1.5 | B31: CDHU | C31: 23.09.420 | D31: PORTA LISA COM BATENTE EM ALUMÍNIO, LARGURA 60 CM, ALTURA DE 105 A 200 CM - PORTA PM04B - CONFORME O PROJETO | E31: UN. | F31: 2 | G31: 424.21 | H31: =TRUNC((G31*(1+$I$11)),2) -> 530.26 | I31: =ROUND((F31*H31),2) -> 1060.52 | J31: =(I31/$I$358) -> 0.00090024339
A32: 3.1.6 | B32: CDHU | C32: 23.09.430 | D32: PORTA LISA COM BATENTE EM ALUMÍNIO, LARGURA 80 CM, ALTURA DE 105 A 200 CM - PORTA PM04C - CONFORME O PROJETO | E32: UN. | F32: 2 | G32: 426.25 | H32: =TRUNC((G32*(1+$I$11)),2) -> 532.81 | I32: =ROUND((F32*H32),2) -> 1065.62 | J32: =(I32/$I$358) -> 0.00090457262
A33: 3.1.7 | B33: SETOP | C33: ED-50978 | D33: PORTA METÁLICA PARA SANITÁRIO EM CHAPA GALVANIZADA, ESP. 1,25MM (GSG 18), DIMENSÃO (60X180)CM, TIPO DE ABRIR, UMA (1) FOLHA, INCLUSIVE BATENTE, ESTRUTURA EM METALON (20X30)MM, DOBRADIÇA E TRANQUETA, EXCLUSIVE PINTURA | E33: UN. | F33: 13 | G33: 443.68 | H33: =TRUNC((G33*(1+$I$11)),2) -> 554.6 | I33: =ROUND((F33*H33),2) -> 7209.8 | J33: =(I33/$I$358) -> 0.0061201814
A34: SUBTOTAL 3.1 | I34: =SUM(I27:I33) -> 64059.06 | J34: =(I34/$I$358) -> 0.054377801
A35: 3.2 | D35: PORTAS DE FERRO
A36: 3.2.1 | B36: SETOP | C36: ED-29479 | D36: PORTA VENEZIANA EM ALUMÍNIO COMPLETA, DIMENSÃO (80X210)CM, TIPO DE ABRIR, COM UMA (1) FOLHA, LINHA 25/SUPREMA, ACABAMENTO ANODIZADO NATURAL, INCLUSIVE PERFIS, FERRAGENS E INSTALAÇÃO | E36: UN. | F36: 1 | G36: 1826.71 | H36: =TRUNC((G36*(1+$I$11)),2) -> 2283.38 | I36: =ROUND((F36*H36),2) -> 2283.38 | J36: =(I36/$I$358) -> 0.0019382923
A37: 3.2.2 | B37: SBC | C37: 110089 | D37: PORTINHOLA MADEIRA 1 FL.0,60x0,80m VENEZIANA | E37: UN. | F37: 1 | G37: 496.93 | H37: =TRUNC((G37*(1+$I$11)),2) -> 621.16 | I37: =ROUND((F37*H37),2) -> 621.16 | J37: =(I37/$I$358) -> 0.00052728396
A38: SUBTOTAL 3.2 | I38: =SUM(I36:I37) -> 2904.54 | J38: =(I38/$I$358) -> 0.0024655763
A39: 3.3 | D39: JANELAS DE FERRO
A40: 3.3.1 | B40: SINAPI-SP | C40: 94569 | D40: JANELA DE ALUMÍNIO TIPO MAXIM-AR, BATENTE/ REQUADRO 3 A 14 CM, VIDRO INCLUSO, FIXAÇÃO COM PARAFUSO, SEM GUARNIÇÃO/ ALIZAR, DIMENSÕES 60X60 (A X L) CM, SEM ACABAMENTO, VEDAÇÃO COM SILICONE, EXCLUSIVE CONTRAMARCO - FORNECIMENTO E INSTALAÇÃO. AF_11/2024 - JANELA DE ALUMÍNIO - EF-17-A - CONFORME PROJETO DE ESQUADRIAS (NAS DIMENÇOES DE 0,60 X 0,60) | E40: M2 | F40: 3.6 | G40: 714.35 | H40: =TRUNC((G40*(1+$I$11)),2) -> 892.93 | I40: =ROUND((F40*H40),2) -> 3214.55 | J40: =(I40/$I$358) -> 0.0027287344
A41: 3.3.2 | B41: FDE | C41: 06.60.001 | D41: RETIRADA DE ESQUADRIAS METÁLICAS | E41: M2 | F41: 3.6 | G41: 34.59 | H41: =TRUNC((G41*(1+$I$11)),2) -> 43.23 | I41: =ROUND((F41*H41),2) -> 155.63 | J41: =(I41/$I$358) -> 0.0001321096
A42: 3.3.3 | B42: SINAPI-SP | C42: 94569 | D42: JANELA DE ALUMÍNIO TIPO MAXIM-AR, BATENTE/ REQUADRO 3 A 14 CM, VIDRO INCLUSO, FIXAÇÃO COM PARAFUSO, SEM GUARNIÇÃO/ ALIZAR, DIMENSÕES 60X80 (A X L) CM, SEM ACABAMENTO, VEDAÇÃO COM SILICONE, EXCLUSIVE CONTRAMARCO - FORNECIMENTO E INSTALAÇÃO. AF_11/2024 - JANELA DE ALUMÍNIO - J01 - CONFORME PROJETO DE ESQUADRIAS (NAS DIMENÇOES DE 0,60 X 0,60) | E42: M2 | F42: 2.52 | G42: 714.35 | H42: =TRUNC((G42*(1+$I$11)),2) -> 892.93 | I42: =ROUND((F42*H42),2) -> 2250.18 | J42: =(I42/$I$358) -> 0.0019101098
A43: 3.3.4 | B43: FDE | C43: 06.60.001 | D43: RETIRADA DE ESQUADRIAS METÁLICAS | E43: M2 | F43: 2.52 | G43: 34.59 | H43: =TRUNC((G43*(1+$I$11)),2) -> 43.23 | I43: =ROUND((F43*H43),2) -> 108.94 | J43: =(I43/$I$358) -> 9.2475875e-05
A44: 3.3.5 | B44: SINAPI-SP | C44: 94570 | D44: JANELA DE ALUMÍNIO DE CORRER COM 2 FOLHAS PARA VIDROS (VIDROS INCLUSOS), BATENTE/ REQUADRO 6 A 14 CM, ACABAMENTO COM ACETATO OU BRILHANTE, FIXAÇÃO COM PARAFUSO, SEM GUARNIÇÃO/ ALIZAR, DIMENSÕES 100X120 CM, VEDAÇÃO COM SILICONE, EXCLUSIVE CONTRAMARCO - FORNECIMENTO E INSTALAÇÃO. AF_11/2024 -JANELA DE ALUMÍNIO - EF-19 - CONFORME PROJETO DE ESQUADRIAS (NAS DIMENSOES DE 1,20 X 1,20) | E44: M2 | F44: 12.96 | G44: 375.93 | H44: =TRUNC((G44*(1+$I$11)),2) -> 469.91 | I44: =ROUND((F44*H44),2) -> 6090.03 | J44: =(I44/$I$358) -> 0.0051696425
A45: 3.3.6 | B45: SINAPI-SP | C45: 94573 | D45: JANELA DE ALUMÍNIO DE CORRER COM 4 FOLHAS PARA VIDROS (VIDROS INCLUSOS), COM BANDEIRA, BATENTE/ REQUADRO 6 A 14 CM, ACABAMENTO COM ACETATO OU BRILHANTE, FIXAÇÃO COM PARAFUSO, SEM GUARNIÇÃO/ ALIZAR, DIMENSÕES 150X120 CM, VEDAÇÃO COM SILICONE, EXCLUSIVE CONTRAMARCO - FORNECIMENTO E INSTALAÇÃO. AF_11/2024 - JANELA DE ALUMÍNIO - EF-28 - CONFORME PROJETO DE ESQUADRIAS (NAS DIMENSOES DE 1,80 X 1,20) | E45: M2 | F45: 12.96 | G45: 418.98 | H45: =TRUNC((G45*(1+$I$11)),2) -> 523.72 | I45: =ROUND((F45*H45),2) -> 6787.41 | J45: =(I45/$I$358) -> 0.0057616273
A46: 3.3.7 | B46: SINAPI-SP | C46: 100674 | D46: CAIXILHO FIXO DE ALUMÍNIO PARA VIDRO (VIDRO INCLUSO), BATENTE/ REQUADRO DE 4 A 14 CM, SEM GUARNIÇÃO/ ALIZAR, FIXAÇÃO COM PARAFUSOS, VEDAÇÃO COM SILICONE, EXCLUSIVE CONTRAMARCO - FORNECIMENTO E INSTALAÇÃO. AF_11/2024 - JANELA DE ALUMÍNIO - EF-31 - CONFORME PROJETO DE ESQUADRIAS | E46: M2 | F46: 34.56 | G46: 819.02 | H46: =TRUNC((G46*(1+$I$11)),2) -> 1023.77 | I46: =ROUND((F46*H46),2) -> 35381.49 | J46: =(I46/$I$358) -> 0.030034278
A47: 3.3.8 | B47: SINAPI-SP | C47: 94570 | D47: JANELA DE ALUMÍNIO DE CORRER COM 2 FOLHAS PARA VIDROS (VIDROS INCLUSOS), BATENTE/ REQUADRO 6 A 14 CM, ACABAMENTO COM ACETATO OU BRILHANTE, FIXAÇÃO COM PARAFUSO, SEM GUARNIÇÃO/ ALIZAR, DIMENSÕES 100X120 CM, VEDAÇÃO COM SILICONE, EXCLUSIVE CONTRAMARCO - FORNECIMENTO E INSTALAÇÃO. AF_11/2024 - JANELA DE ALUMÍNIO - EF-32 - CONFORME PROJETO DE ESQUADRIAS | E47: M2 | F47: 8.28 | G47: 375.93 | H47: =TRUNC((G47*(1+$I$11)),2) -> 469.91 | I47: =ROUND((F47*H47),2) -> 3890.85 | J47: =(I47/$I$358) -> 0.003302825
A48: SUBTOTAL 3.3 | I48: =SUM(I40:I47) -> 57879.08 | J48: =(I48/$I$358) -> 0.049131802
A49: 3.4 | D49: FECHAMENTO DE MEIA-PAREDE (CRECHE I)
A50: 3.4.1 | B50: SINAPI-SP | C50: 102235 | D50: DIVISÓRIA FIXA EM VIDRO TEMPERADO 10 MM, SEM ABERTURA. AF_01/2021_PS | E50: M2 | F50: 5.75 | G50: 532.32 | H50: =TRUNC((G50*(1+$I$11)),2) -> 665.4 | I50: =ROUND((F50*H50),2) -> 3826.05 | J50: =(I50/$I$358) -> 0.0032478182
A51: SUBTOTAL 3.4 | I51: =I50 -> 3826.05 | J51: =(I51/$I$358) -> 0.0032478182
A52: SUBTOTAL 3.0 | I52: =I51+I48+I38+I34 -> 128668.73 | J52: =(I52/$I$358) -> 0.109223
A53: 4.0 | D53: SISTEMA DE COBERTURA
A54: 4.1 | B54: CDHU | C54: 15.01.030 | D54: ESTRUTURA DE MADEIRA TESOURADA PARA TELHA DE BARRO - VÃOS DE 10,01 A 13,00 M | E54: M2 | F54: 96.4 | G54: 196.44 | H54: =TRUNC((G54*(1+$I$11)),2) -> 245.55 | I54: =ROUND((F54*H54),2) -> 23671.02 | J54: =(I54/$I$358) -> 0.020093614
A55: 4.2 | B55: SINAPI-SP | C55: 97650 | D55: REMOÇÃO DE TRAMA DE MADEIRA PARA COBERTURA, DE FORMA MANUAL, SEM REAPROVEITAMENTO. AF_09/2023 | E55: M2 | F55: 96.4 | G55: 10.74 | H55: =TRUNC((G55*(1+$I$11)),2) -> 13.42 | I55: =ROUND((F55*H55),2) -> 1293.69 | J55: =(I55/$I$358) -> 0.0010981744
A56: 4.3 | B56: IOPES | C56: 090212 | D56: COBERTURA NOVA DE TELHAS CERÂMICAS TIPO CAPA E CANAL INCLUSIVE CUMEEIRAS (TELHAS COMPRADAS NA FÁBRICA, POSTO OBRA) | E56: M2 | F56: 150 | G56: 141.79 | H56: =TRUNC((G56*(1+$I$11)),2) -> 177.23 | I56: =ROUND((F56*H56),2) -> 26584.5 | J56: =(I56/$I$358) -> 0.022566779
A57: SUBTOTAL 4.0 | I57: =SUM(I54:I56) -> 51549.21 | J57: =(I57/$I$358) -> 0.043758567
A58: 5.0 | D58: IMPERMEABILIZAÇÃO
A59: 5.1 | B59: SBC | C59: 160362 | D59: IMPERMEABILIZACAO CALHA DE CONCRETO | E59: M2 | F59: 119.66 | G59: 140.68 | H59: =TRUNC((G59*(1+$I$11)),2) -> 175.85 | I59: =ROUND((F59*H59),2) -> 21042.21 | J59: =(I59/$I$358) -> 0.017862096
A60: SUBTOTAL 5.0 | I60: =SUM(I59:I59) -> 21042.21 | J60: =(I60/$I$358) -> 0.017862096
A61: 6.0 | D61: REVESTIMENTO DE PAREDES
A62: 6.1 | B62: SINAPI-SP | C62: 87545 | D62: EMBOÇO, EM ARGAMASSA TRAÇO 1:2:8, PREPARO MECÂNICO, APLICADO MANUALMENTE EM PAREDES INTERNAS, PARA AMBIENTES COM ÁREA MENOR QUE 5M², E = 10MM, COM TALISCAS. AF_03/2024 | E62: M2 | F62: 69.82 | G62: 34.55 | H62: =TRUNC((G62*(1+$I$11)),2) -> 43.18 | I62: =ROUND((F62*H62),2) -> 3014.83 | J62: =(I62/$I$358) -> 0.0025591981
A63: 6.2 | B63: IOPES | C63: 160711 | D63: REBOCO TIPO PAULISTA COM ARGAMASSA DE CIMENTO, CAL HIDRATADA CH1 E AREIA NO TRAÇO 1:0,5:6, ESPESSURA 25MM (PAREDES INTERNAS E EXTERNAS ) | E63: M2 | F63: 293.53 | G63: 66.06 | H63: =TRUNC((G63*(1+$I$11)),2) -> 82.57 | I63: =ROUND((F63*H63),2) -> 24236.77 | J63: =(I63/$I$358) -> 0.020573862
A64: 6.3 | B64: IOPES | C64: 160711 | D64: REBOCO TIPO PAULISTA COM ARGAMASSA DE CIMENTO, CAL HIDRATADA CH1 E AREIA NO TRAÇO 1:0,5:6, ESPESSURA 25MM (LAJES) | E64: M2 | F64: 168.06 | G64: 66.06 | H64: =TRUNC((G64*(1+$I$11)),2) -> 82.57 | I64: =ROUND((F64*H64),2) -> 13876.71 | J64: =(I64/$I$358) -> 0.01177952
A65: 6.4 | B65: CDHU | C65: 18.11.042 | D65: REVESTIMENTO EM PLACA CERÂMICA ESMALTADA DE 20X20 CM, TIPO MONOCOLOR, ASSENTADO E REJUNTADO COM ARGAMASSA INDUSTRIALIZADA | E65: M2 | F65: 493.21 | G65: 114.92 | H65: =TRUNC((G65*(1+$I$11)),2) -> 143.65 | I65: =ROUND((F65*H65),2) -> 70849.62 | J65: =(I65/$I$358) -> 0.060142102
A66: 6.5 | B66: CDHU | C66: 18.11.022 | D66: REVESTIMENTO EM PLACA CERÂMICA ESMALTADA DE 10X10 CM, ASSENTADO E REJUNTADO COM ARGAMASSA INDUSTRIALIZADA | E66: M2 | F66: 204.94 | G66: 139.72 | H66: =TRUNC((G66*(1+$I$11)),2) -> 174.65 | I66: =ROUND((F66*H66),2) -> 35792.77 | J66: =(I66/$I$358) -> 0.030383401
A67: SUBTOTAL 6.0 | I67: =SUM(I62:I66) -> 147770.7 | J67: =(I67/$I$358) -> 0.12543808
A68: 7.0 | D68: PAVIMENTAÇÃO
A69: 7.1 | B69: AGESUL | C69: 701000106 | D69: IMPERMEABILIZACAO DE PISO COM ARGAMASSA DE CIMENTO E AREIA, COM ADITIVO IMPERMEABILIZANTE, E = 2 CM | E69: M2 | F69: 18.48 | G69: 48.27 | H69: =TRUNC((G69*(1+$I$11)),2) -> 60.33 | I69: =ROUND((F69*H69),2) -> 1114.9 | J69: =(I69/$I$358) -> 0.00094640493
A70: 7.2 | B70: SEDOP | C70: 130110 | D70: CAMADA REGULARIZADORA NO TRAÇO 1:4 | E70: M2 | F70: 739.05 | G70: 42.75 | H70: =TRUNC((G70*(1+$I$11)),2) -> 53.43 | I70: =ROUND((F70*H70),2) -> 39487.44 | J70: =(I70/$I$358) -> 0.033519695
A71: 7.3 | B71: SINAPI-SP | C71: 104162 | D71: PISO EM GRANILITE, MARMORITE OU GRANITINA EM AMBIENTES INTERNOS, COM ESPESSURA DE 8 MM, INCLUSO MISTURA EM BETONEIRA, COLOCAÇÃO DAS JUNTAS, APLICAÇÃO DO PISO, 4 POLIMENTOS COM POLITRIZ, ESTUCAMENTO, SELADOR E CERA. AF_06/2022 | E71: M2 | F71: 513.25 | G71: 109.63 | H71: =TRUNC((G71*(1+$I$11)),2) -> 137.03 | I71: =ROUND((F71*H71),2) -> 70330.65 | J71: =(I71/$I$358) -> 0.059701564
A72: 7.4 | B72: SETOP | C72: ED-50723 | D72: REVESTIMENTO COM CERÂMICA APLICADO EM PISO, ACABAMENTO ESMALTADO, AMBIENTE INTERNO, PADRÃO COMERCIAL, DIMENSÃO DA PEÇA (10X20)CM, PEI IV, ASSENTAMENTO COM ARGAMASSA INDUSTRIALIZADA, INCLUSIVE REJUNTAMENTO | E72: M2 | F72: 14.58 | G72: 87.94 | H72: =TRUNC((G72*(1+$I$11)),2) -> 109.92 | I72: =ROUND((F72*H72),2) -> 1602.63 | J72: =(I72/$I$358) -> 0.0013604242
A73: 7.5 | B73: ORSE | C73: 6316 | D73: LASTRO DE AREIA | E73: M3 | F73: 28.4 | G73: 140.61 | H73: =TRUNC((G73*(1+$I$11)),2) -> 175.76 | I73: =ROUND((F73*H73),2) -> 4991.58 | J73: =(I73/$I$358) -> 0.0042372015
A74: 7.6 | B74: SINAPI-SP | C74: 101749 | D74: PISO CIMENTADO, TRAÇO 1:3 (CIMENTO E AREIA), ACABAMENTO LISO, ESPESSURA 4,0 CM, PREPARO MECÂNICO DA ARGAMASSA. AF_09/2020 | E74: M2 | F74: 211.22 | G74: 58.13 | H74: =TRUNC((G74*(1+$I$11)),2) -> 72.66 | I74: =ROUND((F74*H74),2) -> 15347.25 | J74: =(I74/$I$358) -> 0.013027817
A75: 7.7 | B75: DER | C75: 534918 | D75: PAVIMENTO C/ BLOCO INTERTRAVADO CONCRETO (PAVER-COR NATURAL) E=10 | E75: M2 | F75: 311.48 | G75: 93.26 | H75: =TRUNC((G75*(1+$I$11)),2) -> 116.57 | I75: =ROUND((F75*H75),2) -> 36309.22 | J75: =(I75/$I$358) -> 0.0308218
A76: SUBTOTAL 7.0 | I76: =SUM(I69:I75) -> 169183.67 | J76: =(I76/$I$358) -> 0.14361491
A77: 8.0 | D77: RODAPÉS E PEITORIS
A78: 8.1 | B78: SINAPI-SP | C78: 101741 | D78: RODAPÉ EM MARMORITE, ALTURA 10CM. AF_09/2020 | E78: M | F78: 157.35 | G78: 31.07 | H78: =TRUNC((G78*(1+$I$11)),2) -> 38.83 | I78: =ROUND((F78*H78),2) -> 6109.9 | J78: =(I78/$I$358) -> 0.0051865095
A79: 8.2 | B79: SINAPI-SP | C79: 98689 | D79: SOLEIRA EM GRANITO, LARGURA 15 CM, ESPESSURA 2,0 CM. AF_09/2020 | E79: M | F79: 19.6 | G79: 126.27 | H79: =TRUNC((G79*(1+$I$11)),2) -> 157.83 | I79: =ROUND((F79*H79),2) -> 3093.47 | J79: =(I79/$I$358) -> 0.0026259532
A80: 8.3 | B80: SINAPI-SP | C80: 101965 | D80: PEITORIL LINEAR EM GRANITO OU MÁRMORE, L = 15CM, ASSENTADO COM ARGAMASSA 1:6 COM ADITIVO. AF_11/2020 | E80: M | F80: 2.4 | G80: 171.92 | H80: =TRUNC((G80*(1+$I$11)),2) -> 214.9 | I80: =ROUND((F80*H80),2) -> 515.76 | J80: =(I80/$I$358) -> 0.00043781308
A81: 8.4 | B81: SINAPI-SP | C81: 15002014 | D81: ESMALTE SINTÉTICO - RODAPÉS, GUARNIÇÕES E MOLDURAS DE MADEIRA | E81: M | F81: 99.45 | G81: 6.87 | H81: =TRUNC((G81*(1+$I$11)),2) -> 8.58 | I81: =ROUND((F81*H81),2) -> 853.28 | J81: =(I81/$I$358) -> 0.00072432361
A82: SUBTOTAL 8.0 | I82: =SUM(I78:I81) -> 10572.41 | J82: =(I82/$I$358) -> 0.0089745994
A83: 9.0 | D83: PINTURA
A84: 9.1 | B84: SINAPI-SP | C84: 95305 | D84: TEXTURA ACRÍLICA, APLICAÇÃO MANUAL EM PAREDE, UMA DEMÃO. AF_04/2023 | E84: M2 | F84: 1029.62 | G84: 16.29 | H84: =TRUNC((G84*(1+$I$11)),2) -> 20.36 | I84: =ROUND((F84*H84),2) -> 20963.06 | J84: =(I84/$I$358) -> 0.017794908
A85: 9.2 | B85: SINAPI-SP | C85: 95306 | D85: TEXTURA ACRÍLICA, APLICAÇÃO MANUAL EM TETO, UMA DEMÃO. AF_04/2023 | E85: M2 | F85: 617.89 | G85: 19.15 | H85: =TRUNC((G85*(1+$I$11)),2) -> 23.93 | I85: =ROUND((F85*H85),2) -> 14786.11 | J85: =(I85/$I$358) -> 0.012551482
A86: 9.3 | B86: SINAPI-SP | C86: 88489 | D86: PINTURA LÁTEX ACRÍLICA PREMIUM, APLICAÇÃO MANUAL EM PAREDES, DUAS DEMÃOS. AF_04/2023 | E86: M2 | F86: 1029.62 | G86: 15.5 | H86: =TRUNC((G86*(1+$I$11)),2) -> 19.37 | I86: =ROUND((F86*H86),2) -> 19943.74 | J86: =(I86/$I$358) -> 0.016929638
A87: 9.4 | B87: SINAPI-SP | C87: 88488 | D87: PINTURA LÁTEX ACRÍLICA PREMIUM, APLICAÇÃO MANUAL EM TETO, DUAS DEMÃOS. AF_04/2023 | E87: M2 | F87: 617.89 | G87: 18.53 | H87: =TRUNC((G87*(1+$I$11)),2) -> 23.16 | I87: =ROUND((F87*H87),2) -> 14310.33 | J87: =(I87/$I$358) -> 0.012147607
A88: 9.5 | B88: SINAPI-SP | C88: 102220 | D88: PINTURA TINTA DE ACABAMENTO (PIGMENTADA) ESMALTE SINTÉTICO BRILHANTE EM MADEIRA, 2 DEMÃOS. AF_01/2021 | E88: M2 | F88: 133.92 | G88: 20.21 | H88: =TRUNC((G88*(1+$I$11)),2) -> 25.26 | I88: =ROUND((F88*H88),2) -> 3382.82 | J88: =(I88/$I$358) -> 0.0028715737
A89: 9.6 | B89: SINAPI-SP | C89: 100739 | D89: PINTURA COM TINTA ALQUÍDICA DE ACABAMENTO (ESMALTE SINTÉTICO ACETINADO) PULVERIZADA SOBRE PERFIL METÁLICO EXECUTADO EM FÁBRICA (POR DEMÃO). AF_01/2020_PE | E89: M2 | F89: 132.4 | G89: 12.96 | H89: =TRUNC((G89*(1+$I$11)),2) -> 16.2 | I89: =ROUND((F89*H89),2) -> 2144.88 | J89: =(I89/$I$358) -> 0.0018207238
A90: SUBTOTAL 9.0 | I90: =SUM(I84:I89) -> 75530.94 | J90: =(I90/$I$358) -> 0.064115933
A91: 10.0 | D91: INSTALAÇÕES ELÉTRICAS
A92: 10.1 | D92: CENTRO DE DISTRIBUIÇÃO
A93: 10.1.1 | B93: SINAPI-SP | C93: 101875 | D93: QUADRO DE DISTRIBUIÇÃO DE ENERGIA EM CHAPA DE AÇO GALVANIZADO, DE EMBUTIR, COM BARRAMENTO TRIFÁSICO, PARA 12 DISJUNTORES DIN 100A - FORNECIMENTO E INSTALAÇÃO. AF_10/2020 | E93: UN. | F93: 1 | G93: 425 | H93: =TRUNC((G93*(1+$I$11)),2) -> 531.25 | I93: =ROUND((F93*H93),2) -> 531.25 | J93: =(I93/$I$358) -> 0.00045096207
A94: 10.1.2 | B94: SINAPI-SP | C94: 101875 | D94: QUADRO DE DISTRIBUIÇÃO DE ENERGIA EM CHAPA DE AÇO GALVANIZADO, DE EMBUTIR, COM BARRAMENTO TRIFÁSICO, PARA 12 DISJUNTORES DIN 100A - FORNECIMENTO E INSTALAÇÃO. AF_10/2020 | E94: UN. | F94: 1 | G94: 425 | H94: =TRUNC((G94*(1+$I$11)),2) -> 531.25 | I94: =ROUND((F94*H94),2) -> 531.25 | J94: =(I94/$I$358) -> 0.00045096207
A95: 10.1.3 | B95: SINAPI-SP | C95: 101875 | D95: QUADRO DE DISTRIBUIÇÃO DE ENERGIA EM CHAPA DE AÇO GALVANIZADO, DE EMBUTIR, COM BARRAMENTO TRIFÁSICO, PARA 12 DISJUNTORES DIN 100A - FORNECIMENTO E INSTALAÇÃO. AF_10/2020 | E95: UN. | F95: 1 | G95: 425 | H95: =TRUNC((G95*(1+$I$11)),2) -> 531.25 | I95: =ROUND((F95*H95),2) -> 531.25 | J95: =(I95/$I$358) -> 0.00045096207
A96: 10.1.4 | B96: SINAPI-SP | C96: 101875 | D96: QUADRO DE DISTRIBUIÇÃO DE ENERGIA EM CHAPA DE AÇO GALVANIZADO, DE EMBUTIR, COM BARRAMENTO TRIFÁSICO, PARA 12 DISJUNTORES DIN 100A - FORNECIMENTO E INSTALAÇÃO. AF_10/2020 | E96: UN. | F96: 1 | G96: 425 | H96: =TRUNC((G96*(1+$I$11)),2) -> 531.25 | I96: =ROUND((F96*H96),2) -> 531.25 | J96: =(I96/$I$358) -> 0.00045096207
A97: 10.1.5 | B97: SINAPI-SP | C97: 101879 | D97: QUADRO DE DISTRIBUIÇÃO DE ENERGIA EM CHAPA DE AÇO GALVANIZADO, DE EMBUTIR, COM BARRAMENTO TRIFÁSICO, PARA 24 DISJUNTORES DIN 100A - FORNECIMENTO E INSTALAÇÃO. AF_10/2020 | E97: UN. | F97: 1 | G97: 586.02 | H97: =TRUNC((G97*(1+$I$11)),2) -> 732.52 | I97: =ROUND((F97*H97),2) -> 732.52 | J97: =(I97/$I$358) -> 0.0006218141
A98: 10.1.6 | B98: FDE | C98: 09.05.082 | D98: QUADRO COMANDO PARA CONJUNTO MOTOR BOMBA BIFASICO DE 3/4 A 1 HP | E98: UN. | F98: 1 | G98: 1717.43 | H98: =TRUNC((G98*(1+$I$11)),2) -> 2146.78 | I98: =ROUND((F98*H98),2) -> 2146.78 | J98: =(I98/$I$358) -> 0.0018223367
A99: SUBTOTAL 10.1 | I99: =SUM(I93:I98) -> 5004.3 | J99: =(I99/$I$358) -> 0.0042479991
A100: 10.2 | D100: ELETRODUTOS E ACESSÓRIOS
A101: 10.2.1 | B101: SINAPI-SP | C101: 91852 | D101: ELETRODUTO FLEXÍVEL CORRUGADO, PVC, DN 20 MM (1/2"), PARA CIRCUITOS TERMINAIS, INSTALADO EM PAREDE - FORNECIMENTO E INSTALAÇÃO. AF_03/2023 | E101: M | F101: 180 | G101: 11.86 | H101: =TRUNC((G101*(1+$I$11)),2) -> 14.82 | I101: =ROUND((F101*H101),2) -> 2667.6 | J101: =(I101/$I$358) -> 0.002264445
A102: 10.2.2 | B102: SINAPI-SP | C102: 91856 | D102: ELETRODUTO FLEXÍVEL CORRUGADO, PVC, DN 32 MM (1"), PARA CIRCUITOS TERMINAIS, INSTALADO EM PAREDE - FORNECIMENTO E INSTALAÇÃO. AF_03/2023 | E102: M | F102: 55 | G102: 15.64 | H102: =TRUNC((G102*(1+$I$11)),2) -> 19.55 | I102: =ROUND((F102*H102),2) -> 1075.25 | J102: =(I102/$I$358) -> 0.00091274724
A103: 10.2.3 | B103: SINAPI-SP | C103: 91860 | D103: ELETRODUTO FLEXÍVEL CORRUGADO, PEAD, DN 40 MM (1 1/4"), PARA CIRCUITOS TERMINAIS, INSTALADO EM PAREDE - FORNECIMENTO E INSTALAÇÃO. AF_03/2023 | E103: M | F103: 5 | G103: 17.04 | H103: =TRUNC((G103*(1+$I$11)),2) -> 21.3 | I103: =ROUND((F103*H103),2) -> 106.5 | J103: =(I103/$I$358) -> 9.0404632e-05
A104: 10.2.4 | B104: SINAPI-SP | C104: 93008 | D104: ELETRODUTO RÍGIDO ROSCÁVEL, PVC, DN 50 MM (1 1/2"), PARA REDE ENTERRADA DE DISTRIBUIÇÃO DE ENERGIA ELÉTRICA - FORNECIMENTO E INSTALAÇÃO. AF_12/2021 | E104: M | F104: 14 | G104: 19.64 | H104: =TRUNC((G104*(1+$I$11)),2) -> 24.55 | I104: =ROUND((F104*H104),2) -> 343.7 | J104: =(I104/$I$358) -> 0.00029175655
A105: 10.2.5 | B105: SINAPI-SP | C105: 93009 | D105: ELETRODUTO RÍGIDO ROSCÁVEL, PVC, DN 60 MM (2"), PARA REDE ENTERRADA DE DISTRIBUIÇÃO DE ENERGIA ELÉTRICA - FORNECIMENTO E INSTALAÇÃO. AF_12/2021 | E105: M | F105: 6 | G105: 27.84 | H105: =TRUNC((G105*(1+$I$11)),2) -> 34.8 | I105: =ROUND((F105*H105),2) -> 208.8 | J105: =(I105/$I$358) -> 0.00017724401
A106: 10.2.6 | B106: SINAPI-SP | C106: 93010 | D106: ELETRODUTO RÍGIDO ROSCÁVEL, PVC, DN 75 MM (2 1/2"), PARA REDE ENTERRADA DE DISTRIBUIÇÃO DE ENERGIA ELÉTRICA - FORNECIMENTO E INSTALAÇÃO. AF_12/2021 | E106: M | F106: 10 | G106: 37.94 | H106: =TRUNC((G106*(1+$I$11)),2) -> 47.42 | I106: =ROUND((F106*H106),2) -> 474.2 | J106: =(I106/$I$358) -> 0.00040253405
...

Sheet BDI
B8: Contratante: | C8: Prefeitura Municipal de Bom Sucesso de Itararé / SP | F8: BDI: | G8: =D29 -> 0.24998756
B9: Objeto: | C9: Retomada de Construção de Escola de Educação Infantil Tipo C
B10: Local: | C10: Rua Antonio Carlos Ruivo, s/nº, Centro, Bom Sucesso de Itararé/SP | F10: Convênio: | G10: Federal
B11: Área (m2): | C11: 553.23
B12: Município: | C12: Bom Sucesso de Itararé / SP | F12: Órgão: | G12: FNDE
B14: DEMONSTRATIVO DE COMPOSIÇÃO DO BDI (acórdão 2622/2013-TCU-Plenário)
B16: Construção de Praças Urbanas, Rodovias, Ferrovias e Recapeamento e Pavimentação de Vias Urbanas | E16: Indicês Aceitos
B18: Itens Componentes do BDI | D18: Incidência Adotada [1] | E18: Min. | F18: Méd. | G18: Máx.
B19: ADMINISTRAÇÃO CENTRAL | D19: 0.0401 | E19: 0.038 | F19: 0.0401 | G19: 0.0467
B20: LUCRO | D20: 0.073 | E20: 0.0664 | F20: 0.073 | G20: 0.0869
B21: DESPESAS FINANCEIRAS | D21: 0.011 | E21: 0.0102 | F21: 0.0111 | G21: 0.0121
B22: SEGUROS E GARANTIAS | D22: 0.0045 | E22: 0.0032 | F22: 0.004 | G22: 0.0074
B23: RISCOS | D23: 0.008 | E23: 0.005 | F23: 0.0056 | G23: 0.0097
B24: TRIBUTOS | D24: 0.0865 | E24: Conforme Legislação
B25: PIS | D25: 0.0065
B26: COFINS | D26: 0.03
B27: ISS | D27: 0.05 | E27: Conforme legislação municipal
B28: [2] Desoneração (2%) | D28: 0 | E28: 0% OU 2%
B29: [2] BDI ADOTADO | D29: =(((1+D19+D22+D23)*(1+D21)*(1+D20))/(1-D24))-1 -> 0.24998756 | E29: 0.24 | F29: 0.2584 | G29: 0.2786
B30: [1] Preencher células em amarelo
B31: [2] Obras orçadas SEM desoneração deverão adotar indíce 0,00% neste item e intervalo de BDI adotado conforme LIMITES do quadro ao lado | E31: 0.2034 | F31: 0.2212 | G31: 0.25
B35: Declaramos sob pena da Lei que a alternativa adotada pela Prefeitura do Município de Bom Sucesso de Itararé/SP é SEM Desoneração e que esta é a mais vantajosa para a Administração Pública. Para o preenchimento da proposta utilizou-se o valor do ISS da Prefeitura Local.
B39: Bom Sucesso de Itararé, 09 de março de 2026
B45: Dirceu Pacheco de Oliveira
B46: Prefeito Municipal de Bom Sucesso de Itararé
B52: =Planilha_Orçamentária!A385 -> Guilherme Braatz de Brito
B53: =Planilha_Orçamentária!A386 -> Engenheiro Civil / CREA-SP: 5071252480
B54: =Planilha_Orçamentária!A387 -> Responsavel Técnico pela Fiscalização da Obra e pelo Convênio

Sheet Cronograma_F_F
M2: Endereço: Rua Gregório Brisola, nº 70 - Centro, Bom Sucesso de Itararé / SP - CEP: 18.475-015
M3: CNPJ: 60.123.064/0001-01
M4: Telefone: (15) 3533-1152
M5: E-mail: administracao@bomsucessoitarare.sp.gov.br
A9: CONTRATANTE: | C9: Prefeitura Municipal de Bom Sucesso de Itararé | U9: BDI | W9: 0.25
A10: OBJETO: | C10: Proinfância - Espaço Educativo Infantil Tipo C | U10: DATA | W10: 46023
A11: LOCAL: | C11: Rua Antônio Carlos Ruivo, s/n – Centro – Bom Sucesso de Itararé/SP | U11: VALOR | W11: =T39 -> 1178037
A14: CRONOGRAMA FÍSICO-FINANCEIRO
E15: MÊS 01 | G15: MÊS 02 | I15: MÊS 03 | K15: MÊS 04 | M15: MÊS 05 | O15: MÊS 06 | Q15: MÊS 07 | S15: MÊS 08 | U15: MÊS 09 | W15: MÊS 10
A16: CÓD. | B16: ITEM | C16: CUSTO | D16: % | E16: % | F16: R$ | G16: % | H16: R$ | I16: % | J16: R$ | K16: % | L16: R$ | M16: % | N16: R$ | O16: % | P16: R$ | Q16: % | R16: R$ | S16: % | T16: R$ | U16: % | V16: R$ | W16: % | X16: R$
A17: 1 | B17: =Planilha_Orçamentária!D18 -> SERVIÇOS PRELIMINARES | C17: =Planilha_Orçamentária!I20 -> 2370.04 | D17: =Planilha_Orçamentária!J20 -> 0.0020118553 | E17: 1 | F17: =E17*C17 -> 2370.04
A18: 2 | B18: =Planilha_Orçamentária!D21 -> SISTEMA DE VEDAÇÃO VERTICAL INTERNO E EXTERNO (PAREDES) | C18: =Planilha_Orçamentária!I24 -> 58113.98 | D18: =Planilha_Orçamentária!J24 -> 0.049331202 | E18: 0.3 | F18: =E18*$C$18 -> 17434.194 | G18: 0.4 | H18: =G18*$C$18 -> 23245.592 | I18: 0.3 | J18: =I18*$C$18 -> 17434.194
A19: 3 | B19: =Planilha_Orçamentária!D25 -> ESQUADRIAS | C19: =Planilha_Orçamentária!I52 -> 128668.73 | D19: =Planilha_Orçamentária!J52 -> 0.109223 | M19: 0.3 | N19: =M19*$C$19 -> 38600.619 | O19: 0.3 | P19: =O19*$C$19 -> 38600.619 | Q19: 0.3 | R19: =Q19*$C$19 -> 38600.619 | S19: 0.1 | T19: =S19*$C$19 -> 12866.873
A20: 4 | B20: =Planilha_Orçamentária!D53 -> SISTEMA DE COBERTURA | C20: =Planilha_Orçamentária!I57 -> 51549.21 | D20: =Planilha_Orçamentária!J57 -> 0.043758567 | E20: 0.5 | F20: =E20*$C$20 -> 25774.605 | G20: 0.5 | H20: =G20*$C$20 -> 25774.605
A21: 5 | B21: =Planilha_Orçamentária!D58 -> IMPERMEABILIZAÇÃO | C21: =Planilha_Orçamentária!I60 -> 21042.21 | D21: =Planilha_Orçamentária!J60 -> 0.017862096 | I21: 1 | J21: =I21*C21 -> 21042.21
A22: 6 | B22: =Planilha_Orçamentária!D61 -> REVESTIMENTO DE PAREDES | C22: =Planilha_Orçamentária!I67 -> 147770.7 | D22: =Planilha_Orçamentária!J67 -> 0.12543808 | E22: 0.2 | F22: =E22*$C$22 -> 29554.14 | G22: 0.2 | H22: =G22*$C$22 -> 29554.14 | I22: 0.3 | J22: =I22*$C$22 -> 44331.21 | K22: 0.3 | L22: =K22*$C$22 -> 44331.21
A23: 7 | B23: =Planilha_Orçamentária!D68 -> PAVIMENTAÇÃO | C23: =Planilha_Orçamentária!I76 -> 169183.67 | D23: =Planilha_Orçamentária!J76 -> 0.14361491 | G23: 0.1 | H23: =G23*$C$23 -> 16918.367 | I23: 0.15 | J23: =I23*$C$23 -> 25377.551 | K23: 0.25 | L23: =K23*$C$23 -> 42295.918 | M23: 0.25 | N23: =M23*$C$23 -> 42295.918 | O23: 0.25 | P23: =O23*$C$23 -> 42295.918
A24: 8 | B24: =Planilha_Orçamentária!D77 -> RODAPÉS E PEITORIS | C24: =Planilha_Orçamentária!I82 -> 10572.41 | D24: =Planilha_Orçamentária!J82 -> 0.0089745994 | O24: 0.5 | P24: =O24*C24 -> 5286.205 | Q24: 0.5 | R24: =Q24*C24 -> 5286.205
A25: 9 | B25: =Planilha_Orçamentária!D83 -> PINTURA | C25: =Planilha_Orçamentária!I90 -> 75530.94 | D25: =Planilha_Orçamentária!J90 -> 0.064115933 | M25: 0.25 | N25: =M25*$C$25 -> 18882.735 | O25: 0.25 | P25: =O25*$C$25 -> 18882.735 | Q25: 0.25 | R25: =Q25*$C$25 -> 18882.735 | S25: 0.25 | T25: =S25*$C$25 -> 18882.735
A26: 10 | B26: =Planilha_Orçamentária!D91 -> INSTALAÇÕES ELÉTRICAS | C26: =Planilha_Orçamentária!I173 -> 110324.32 | D26: =Planilha_Orçamentária!J173 -> 0.093650982 | G26: 0.15 | H26: =G26*$C$26 -> 16548.648 | I26: 0.15 | J26: =I26*$C$26 -> 16548.648 | K26: 0.15 | L26: =K26*$C$26 -> 16548.648 | M26: 0.15 | N26: =M26*$C$26 -> 16548.648 | O26: 0.15 | P26: =O26*$C$26 -> 16548.648 | Q26: 0.15 | R26: =Q26*$C$26 -> 16548.648 | S26: 0.1 | T26: =S26*$C$26 -> 11032.432
A27: 11 | B27: =Planilha_Orçamentária!D174 -> INSTALAÇÃO HIDRÁULICA | C27: =Planilha_Orçamentária!I217 -> 99827.02 | D27: =Planilha_Orçamentária!J217 -> 0.084740141 | G27: 0.2 | H27: =G27*$C$27 -> 19965.404 | I27: 0.2 | J27: =I27*$C$27 -> 19965.404 | K27: 0.2 | L27: =K27*$C$27 -> 19965.404 | M27: 0.2 | N27: =M27*$C$27 -> 19965.404 | O27: 0.2 | P27: =O27*$C$27 -> 19965.404
A28: 12 | B28: =Planilha_Orçamentária!D218 -> INSTALAÇÃO SANITÁRIA | C28: =Planilha_Orçamentária!I244 -> 43981.17 | D28: =Planilha_Orçamentária!J244 -> 0.037334286 | I28: 0.25 | J28: =I28*$C$28 -> 10995.292 | K28: 0.25 | L28: =K28*$C$28 -> 10995.292 | M28: 0.25 | N28: =M28*$C$28 -> 10995.292 | Q28: 0.25 | R28: =Q28*$C$28 -> 10995.292
A29: 13 | B29: =Planilha_Orçamentária!D245 -> LOUÇAS E METAIS | C29: =Planilha_Orçamentária!I288 -> 28349.95 | D29: =Planilha_Orçamentária!J288 -> 0.024065416 | S29: 1 | T29: =S29*C29 -> 28349.95
A30: 14 | B30: =Planilha_Orçamentária!D289 -> BANCADAS | C30: =Planilha_Orçamentária!I294 -> 28239.97 | D30: =Planilha_Orçamentária!J294 -> 0.023972057 | S30: 1 | T30: =S30*C30 -> 28239.97
A31: 15 | B31: =Planilha_Orçamentária!D295 -> CASTELO D'AGUA | C31: =Planilha_Orçamentária!I309 -> 119594.82 | D31: =Planilha_Orçamentária!J309 -> 0.10152043 | K31: 0.25 | L31: =K31*$C$31 -> 29898.705 | M31: 0.25 | N31: =M31*$C$31 -> 29898.705 | O31: 0.25 | P31: =O31*$C$31 -> 29898.705 | Q31: 0.25 | R31: =Q31*$C$31 -> 29898.705
A32: 16 | B32: =Planilha_Orçamentária!D310 -> SISTEMA DE PROTEÇÃO CONTRA DESCARGAS ATMOSFÉRICAS (SPDA) | C32: =Planilha_Orçamentária!I327 -> 38127.01 | D32: =Planilha_Orçamentária!J327 -> 0.032364867 | Q32: 0.6 | R32: =Q32*C32 -> 22876.206 | S32: 0.4 | T32: =S32*C32 -> 15250.804
A33: 17 | B33: =Planilha_Orçamentária!D328 -> CERCAS E FECHAMENTOS - IMPLANTAÇÃO | C33: =Planilha_Orçamentária!I332 -> 3224.87 | D33: =Planilha_Orçamentária!J332 -> 0.0027374947 | Q33: 1 | R33: =C33 -> 3224.87
A34: 18 | B34: =Planilha_Orçamentária!D333 -> INSTALAÇÃO DE GÁS - GLP | C34: =Planilha_Orçamentária!I339 -> 7266.15 | D34: =Planilha_Orçamentária!J339 -> 0.0061680152 | O34: 0.5 | P34: =O34*C34 -> 3633.075 | Q34: 0.5 | R34: =Q34*C34 -> 3633.075
A35: 19 | B35: =Planilha_Orçamentária!D340 -> AVCB | C35: =Planilha_Orçamentária!I348 -> 4009.86 | D35: =Planilha_Orçamentária!J348 -> 0.003403849 | S35: 1 | T35: =C35 -> 4009.86
A36: 20 | B36: =Planilha_Orçamentária!D349 -> SERVIÇOS DIVERSOS | C36: =Planilha_Orçamentária!I354 -> 27749.7 | D36: =Planilha_Orçamentária!J354 -> 0.023555882 | Q36: 0.6 | R36: =Q36*C36 -> 16649.82 | S36: 0.4 | T36: =S36*C36 -> 11099.88
A37: 21 | B37: =Planilha_Orçamentária!D355 -> SERVIÇOS FINAIS | C37: =Planilha_Orçamentária!I357 -> 2540.25 | D37: =Planilha_Orçamentária!J357 -> 0.0021563415 | S37: 1 | T37: =C37 -> 2540.25
A38: TOTAL | C38: =SUM(C17:C37) -> 1178037 | D38: =SUM(D17:D37) -> 1 | E38: =F38/$C$38 -> 0.063778116 | F38: =SUM(F17:F37) -> 75132.979 | G38: =H38/$C$38 -> 0.11205655 | H38: =SUM(H17:H37) -> 132006.76 | I38: =J38/$C$38 -> 0.13216436 | J38: =SUM(J17:J37) -> 155694.51 | K38: =L38/$C$38 -> 0.13924451 | L38: =SUM(L17:L37) -> 164035.18 | M38: =N38/$C$38 -> 0.15040896 | N38: =SUM(N17:N37) -> 177187.32 | O38: =P38/$C$38 -> 0.1486467 | P38: =SUM(P17:P37) -> 175111.31 | Q38: =R38/$C$38 -> 0.14141846 | R38: =SUM(R17:R37) -> 166596.18 | S38: =T38/$C$38 -> 0.11228234 | T38: =SUM(T17:T37) -> 132272.75
A39: ACUMULADO | E39: =E38 -> 0.063778116 | F39: =F38 -> 75132.979 | G39: =G38+E39 -> 0.17583466 | H39: =H38+F39 -> 207139.73 | I39: =I38+G39 -> 0.30799903 | J39: =J38+H39 -> 362834.24 | K39: =K38+I39 -> 0.44724353 | L39: =L38+J39 -> 526869.42 | M39: =M38+K39 -> 0.5976525 | N39: =N38+L39 -> 704056.74 | ... T39: =T38+R39 -> 1178037
A41: Bom Sucesso de Itararé, 16 de março de 2026
A49: Dirceu Pacheco de Oliveira
A50: Prefeito Municipal de Bom Sucesso de Itararé
A59: =Planilha_Orçamentária!A385 -> Guilherme Braatz de Brito
A60: Chefe Geral de Obras / CREA - SP: 5071252480
A61: =Planilha_Orçamentária!A387 -> Responsavel Técnico pela Fiscalização da Obra e pelo Convênio
